 Dungeon Crawl Stone Soup version 0.30-a0-930-gb9d0489357 (webtiles) character file.

Game seed: 3722310390766095574

19083 Zdeegee the Covert (level 12, -1/89 HPs)
             Began as a Demonspawn Brigand on Mar 22, 2023.
             Was an Initiate of Gozag.
             Killed by divine providence
             ... invoked by a smoke demon
             ... summoned by an orc high priest
              (10 damage)
             ... on level 2 of the Orcish Mines on Mar 23, 2023.
             The game lasted 00:36:35 (16182 turns).

Zdeegee the Covert (Demonspawn Brigand)            Turns: 16182, Time: 00:36:37

Health: -1/89      AC: 17    Str: 13    XL:     12   Next: 33%
Magic:  12/17      EV: 17    Int: 10    God:    Gozag
Gold:   2881       SH:  0    Dex: 24    Spells: 11/18 levels left

rFire   . . .      SeeInvis .    a - +4 dagger (freeze)
rCold   . . .      Faith    .    (no shield)
rNeg    . . .      Spirit   .    h - +2 robe {Will+}
rPois   +          Reflect  .    K - +0 helmet "Gousmacw" {rElec Will+++ Int-3}
rElec   +          Rampage  .    c - +0 cloak
rCorr   .                        (no gloves)
Will    ++++.                    u - +0 pair of boots
Stlth   +++++                    (no amulet)
HPRegen 0.34/turn                r - ring of poison resistance
MPRegen 0.15/turn                D - +6 ring of dexterity

@: confusing by touch, sanguine armoured
A: hooves 2, powered by death 2, sanguine armour 2, demonic magic 3
a: Renounce Religion, Potion Petition, Call Merchant, Bribe Branch


You were on level 2 of the Orcish Mines.
You worshipped Gozag.
Gozag was most pleased with you.
You visited 4 branches of the dungeon, and saw 15 of its levels.
You also visited: Bailey.

You collected 3527 gold pieces.
You spent 597 gold pieces at shops.
You paid 49 gold pieces to Gozag.

Inventory:

Hand Weapons
 a - a +4 dagger of freezing (weapon)
 b - the +9 mace "Apaidgh" {freeze, rN+}
   (You found it on level 5 of the Dungeon)

   rN:        It protects you from negative energy.
 j - a +0 dagger of draining
 O - the +8 spear of Ascent {vamp, Fragile rN+ Will+++ Int+4 Dex-2}
   (You found it on level 8 of the Dungeon)

   Int:       It affects your intelligence (+4).
   Dex:       It affects your dexterity (-2).
   rN:        It protects you from negative energy.
   Fragile:   It will be destroyed if unequipped.
   Will:      It greatly increases your willpower.
 V - a +5 long sword of freezing
 Z - the +9 morningstar of the Crawling Thing {freeze, rElec Stlth+}
   (You bought it in a shop on level 1 of the Orcish Mines)

   rElec:     It insulates you from electricity.
   Stlth:     It makes you more stealthy.
Missiles
 d - 48 poisoned darts
 e - 11 curare-tipped darts
 M - 4 datura-tipped darts
 N - 4 atropa-tipped darts
Armour
 c - a +0 cloak (worn)
 h - a +2 robe of willpower (worn)
 u - a +0 pair of boots (worn)
 H - the +1 hat "Ociazowe" {rN+ Str+4 Slay-3}
   (You found it on level 7 of the Dungeon)

   Str:       It affects your strength (+4).
   Slay:      It affects your accuracy & damage with ranged weapons and melee
   (-3).
   rN:        It protects you from negative energy.
 K - the +0 helmet "Gousmacw" (worn) {rElec Will+++ Int-3}
   (You found it on level 7 of the Dungeon)

   Int:       It affects your intelligence (-3).
   rElec:     It insulates you from electricity.
   Will:      It greatly increases your willpower.
 R - the +1 ring mail of Leapfrog {Rampage *Corrode +Blink Dex+4}
   (You found it on level 6 of the Dungeon)

   Dex:       It affects your dexterity (+4).
   +Blink:    It lets you blink.
   *Corrode:  It may corrode you when you take damage.
   Rampage:   It bestows one free step when moving towards enemies.
Jewellery
 r - a ring of poison resistance (left hand)
 s - a ring of protection from cold
 x - a ring of resist corrosion
 D - a +6 ring of dexterity (right hand)
 U - a ring of ice
Wands
 m - a wand of quicksilver (4)
 E - a wand of paralysis (10)
 G - a wand of flame (18)
 J - a wand of mindburst (25)
 T - a wand of polymorph (3)
 Y - a wand of digging (4)
Scrolls
 f - 2 scrolls of amnesia
 k - 2 scrolls of enchant armour
 p - a scroll of vulnerability
 t - a scroll of teleportation
 v - 4 scrolls of immolation
 C - 2 scrolls of fear
 F - 3 scrolls of blinking
 I - a scroll of fog
 Q - 5 scrolls of enchant weapon
 S - a scroll of poison
 X - 2 scrolls of identify
Potions
 g - 7 potions of curing
 i - 2 potions of resistance
 n - 2 potions of mutation
 o - a potion of lignification
 q - 3 potions of brilliance
 w - 3 potions of haste
 z - a potion of invisibility
 A - 6 potions of heal wounds
 B - a potion of ambrosia
 L - 3 potions of flight
Miscellaneous
 y - a condenser vane


   Skills:
 * Level 6.7 Fighting
 * Level 7.6 Short Blades
 + Level 2.5 Throwing
 * Level 5.8 Armour
 * Level 6.8 Dodging
 * Level 11.4 Stealth
 + Level 3.6 Spellcasting
 * Level 6.4 Hexes
 + Level 0.3 Ice Magic
 + Level 3.4 Invocations
 * Level 5.8 Evocations


You had 11 spell levels left.
You knew the following spells:

 Your Spells              Type           Power      Damage    Failure   Level
a - Ensorcelled Hibernat  Hex/Ice        16%        N/A       10%         2
b - Blink                 Tloc           2%         N/A       38%         2
c - Confusing Touch       Hex            14%        N/A       6%          3

Your spell library contained the following spells:

 Spells                   Type           Power      Damage    Failure   Level
 Freeze                   Ice            8%         1d3       22%         1
 Summon Guardian Golem    Hex/Summ       8%         N/A       22%         3
 Apportation              Tloc           2%         N/A       26%         1
 Kiss of Death            Conj/Necr      4%         2d5       26%         1
 Necrotise                Necr           4%         1d4       26%         1
 Sting                    Tmut/Pois      4%         1d3       26%         1
 Summon Small Mammal      Summ           4%         N/A       26%         1
 Lesser Beckoning         Tloc           2%         N/A       38%         2
 Momentum Strike          Conj/Tloc      2%         3d8       38%         2
 Poisonous Vapours        Pois/Air       2%         N/A       38%         2
 Frozen Ramparts          Ice            4%         1d1       56%         3
 Anguish                  Hex/Necr       4%         N/A       56%         4
 Hailstorm                Conj/Ice       2%         3d3       58%         3
 Call Canine Familiar     Summ           1%         N/A       63%         3
 Spider Form              Tmut/Pois      1%         N/A       63%         3
 Animate Armour           Summ/Erth      2%         N/A       95%         4
 Dispel Undead            Necr           1%         3d6       95%         4
 Olgreb's Toxic Radiance  Pois           1%         N/A       95%         4
 Blade Hands              Tmut           0%         N/A       100%        5
 Iron Shot                Conj/Erth      0%         9d1       100%        6


Dungeon Overview and Level Annotations

Branches:
Dungeon (11/15)            Temple (1/1) D:4            Lair (1/5) D:9
    Orc (2/2) D:10            Elf (0/3) Orc:2        Bailey (visited)

Altars:
Ashenzari
Cheibriados
Dithmenos
Fedhas
Gozag
Hepliaklqana
Kikubaaqudgha
Makhleb
Nemelex Xobeh
Okawaru
Qazlal
Ru
Sif Muna
Trog
Uskayaw
Vehumet
Wu Jian
Xom
Yredelemnul

Shops:
D:1 [   D:6 ::   D:9 *   Orc:1 (

Annotations:
D:6 2 transporters


Innate Abilities, Weirdness & Mutations

You have hoof-like feet.
You regenerate health from kills.
When seriously injured, your blood forms thick armour. (AC +9)
Spells you cast and wands you use may paralyse nearby enemies.


Message History

You closely miss the orc high priest.
The orc high priest is lightly wounded.
The orc high priest mumbles some strange prayers to Beogh.
You hear a shout!
You barely miss the orc high priest.
The orc high priest is lightly wounded.
You hear a shout! x2
You hit the orc high priest but do no damage.
The orc high priest is lightly wounded.
An ogre comes into view. It is wielding a +0 giant spiked club.
The orc priest invokes the aid of Beogh against you.
Beogh smites you!
Your blood congeals into armour.
The orc high priest hits you but does no damage.
The chaos spawn hits you but does no damage.
You closely miss the orc high priest.
The orc high priest is lightly wounded.
The orc priest calls upon Beogh to heal the orc high priest.
The orc high priest's wounds heal themselves!
The orc high priest calls down the wrath of Beogh upon you.
You resist with almost no effort.
A troll comes into view.
The orc high priest calls down the wrath of Beogh upon you.
Beogh smites you!
You see here a +0 heavy hand axe.
The orc priest seems less confused.
The orc priest is no longer paralysed.
The chaos spawn gores you!
The orc priest mumbles some strange prayers to Beogh against you.
Beogh smites you!
* * * LOW HITPOINT WARNING * * *
The orc priest calls down the wrath of Beogh upon you.
Beogh smites you!
* * * LOW HITPOINT WARNING * * *
You feel much better. The chaos spawn hits you!
* * * LOW HITPOINT WARNING * * *
The chaos spawn freezes you!
* * * LOW HITPOINT WARNING * * *
The smoke demon gestures at you. Beogh smites you!
You die...
Your body crumbles into a pile of gold.

..<..#<... ....#... ....
#....... ...o #.....#
.T... #....# ## ..To
####...##.# #.o.
###.#.......#
Oo###o.@........###
...#.#o#.o4..#.#....#.##
.....3o3....#####......#
.....TO#.....#####....##
.......#.#.....##.....#
..#.............))).###
.#.......#####....).#
......#.## ##.....###
...#...# ###......#.


You could see an orc high priest, a two-headed ogre, a sun demon (summoned), a
troll, a smoke demon (summoned), a chaos spawn (summoned) and 2 orc priests.

Vanquished Creatures
  Erolcha (D:11)
  A two-headed ogre (D:8)
  3 boulder beetles
  Sonja (Lair:1)
  An orc knight (D:10)
  A torpor snail (Lair:1)
  A gargoyle (D:9)
  2 rime drakes (Lair:1)
  A komodo dragon (Lair:1)
  2 trolls
  3 dream sheep (Lair:1)
  2 wyverns
  A basilisk (Lair:1)
  31 yaks
  2 wraiths (D:9)
  2 steam dragons
  Menkaure (D:7)
  3 vampire mosquitoes (D:10)
  3 wargs (D:9)
  4 acid dragons
  A water moccasin (Lair:1)
  15 orc warriors
  2 ice beasts
  3 black bears
  4 centaurs
  2 ogres (Orc:1)
  A phantom (D:4)
  9 kobold brigands
  A gnoll sergeant (D:7)
  5 bullfrogs
  2 scorpions
  9 wights
  6 killer bees
  3 electric eels (D:10)
  5 hounds
  A jelly (D:6)
  13 orc priests
  2 gnoll boudas (D:8)
  2 sleepcaps
  3 iguanas
  20 orc wizards
  12 gnolls
  7 adders
  5 white imps
  2 worms
  6 dart slugs
  59 orcs
  2 endoplasms (D:2)
  4 giant cockroaches
  12 goblins
  10 hobgoblins
  4 jackals (D:1)
  5 quokkas
  10 ball pythons
  4 bats
  A frilled lizard (D:1)
  32 kobolds
  7 rats
357 creatures vanquished.

Vanquished Creatures (others)
  2 demonic plants (D:5)
  6 fungi (Lair:1)
  3 plants (Lair:1)
11 creatures vanquished.

Grand Total: 368 creatures vanquished

Notes
Turn   | Place    | Note
-------+----------+-------------------------------------------
     0 | D:1      | Zdeegee the Demonspawn Brigand began the quest for the Orb.
     0 | D:1      | Reached XP level 1. HP: 16/16 MP: 1/1
    72 | D:1      | Reached skill level 1 in Dodging
   120 | D:1      | Gained mutation: You have large cloven feet. [demonic
                  | ancestry]
   120 | D:1      | Reached XP level 2. HP: 16/22 MP: 2/2
   207 | D:1      | Reached skill level 4 in Stealth
   359 | D:1      | Found Pacoitz's Antique Armour Shop.
   433 | D:1      | Reached XP level 3. HP: 27/27 MP: 3/3
   517 | D:1      | You fall into a shaft and drop 1 floor!
  1128 | D:2      | Gained mutation: You have hoof-like feet. [demonic
                  | ancestry]
  1128 | D:2      | Reached XP level 4. HP: 31/33 MP: 4/4
  1250 | D:2      | Found a faded altar of an unknown god.
  1466 | D:3      | Found a bloodstained altar of Trog.
  1566 | D:3      | Reached skill level 1 in Hexes
  1626 | D:3      | Noticed a scorpion
  1650 | D:3      | Killed a scorpion
  1651 | D:3      | Reached skill level 1 in Armour
  1651 | D:3      | Reached skill level 1 in Invocations
  1651 | D:3      | Gained mutation: When seriously injured, your blood forms
                  | armour. (AC +9) [demonic ancestry]
  1651 | D:3      | Reached XP level 5. HP: 15/39 MP: 5/5
  2387 | D:4      | Learned a level 2 spell: Ensorcelled Hibernation
  2390 | D:4      | Learned a level 2 spell: Blink
  2425 | D:4      | Noticed an angel
  2497 | D:4      | Gained mutation: Spells you cast may paralyse adjacent
                  | enemies. [demonic ancestry]
  2497 | D:4      | Reached XP level 6. HP: 46/46 MP: 7/7
  2500 | D:4      | Found a broken altar of Ashenzari.
  2985 | D:4      | Found a staircase to the Ecumenical Temple.
  3002 | Temple   | Entered the Ecumenical Temple
  3292 | Temple   | Became a worshipper of Gozag Ym Sagoz the Greedy
  3439 | D:5      | Entered Level 5 of the Dungeon
  3703 | D:5      | Gained mutation: Spells you cast may paralyse nearby
                  | enemies. [demonic ancestry]
  3703 | D:5      | Reached XP level 7. HP: 29/52 MP: 8/8
  3848 | D:5      | Reached skill level 5 in Stealth
  4120 | D:5      | Identified the +9 mace "Apaidgh" {freeze, rN+}
  4896 | D:6      | Found Ysoreo's Book Boutique.
  4918 | D:5      | Gained mutation: You regenerate a little health from kills.
                  | [demonic ancestry]
  4918 | D:5      | Reached XP level 8. HP: 52/58 MP: 10/10
  4984 | D:6      | Bought a book of Touch for 264 gold pieces
  4988 | D:6      | Learned a level 3 spell: Confusing Touch
  5237 | D:6      | Found Qafasyh's Book Boutique.
  5364 | D:6      | Found a hazy altar of Hepliaklqana.
  5366 | D:6      | Found a transporter.
  5386 | D:6      | Reached skill level 5 in Short Blades
  5455 | D:6      | Identified the +1 ring mail of Leapfrog {Rampage *Corrode
                  | +Blink Dex+4}
  5552 | D:6      | Found a transporter.
  5566 | D:6      | Noticed a two-headed ogre
  5767 | D:7      | Reached skill level 1 in Evocations
  6138 | D:7      | Identified the +1 hat "Ociazowe" {rN+ Str+4 Slay-3}
  6311 | D:7      | Reached skill level 6 in Stealth
  6318 | D:7      | Gained mutation: When seriously injured, your blood forms
                  | thick armour. (AC +9) [demonic ancestry]
  6318 | D:7      | Reached XP level 9. HP: 61/65 MP: 5/11
  6555 | D:7      | Noticed Menkaure
  6571 | D:7      | Killed Menkaure
  6687 | D:7      | Identified the +0 helmet "Gousmacw" {rElec Will+++ Int-3}
  7013 | D:8      | Found a flagged portal.
  7050 | Bailey   | Entered a bailey
  7088 | Bailey   | Reached skill level 5 in Dodging
  7240 | Bailey   | Found a burning altar of Makhleb.
  7250 | Bailey   | Reached skill level 7 in Stealth
  7510 | D:8      | Reached skill level 5 in Fighting
  7538 | D:8      | Noticed a two-headed ogre
  7547 | D:8      | Killed a two-headed ogre
  7548 | D:8      | Reached skill level 1 in Spellcasting
  7548 | D:8      | Gained mutation: You regenerate health from kills. [demonic
                  | ancestry]
  7548 | D:8      | Reached XP level 10. HP: 68/74 MP: 8/12
  7611 | D:8      | Identified the +8 spear of Ascent {vamp, Fragile rN+
                  | Will+++ Int+4 Dex-2}
  8095 | D:8      | Reached skill level 8 in Stealth
  9606 | D:9      | Found a staircase to the Lair.
  9758 | D:9      | Found Emase's Fire Supplies.
  9900 | D:9      | Noticed a gargoyle
  9929 | D:9      | Killed a gargoyle
 10293 | D:9      | Reached skill level 9 in Stealth
 10594 | D:9      | Found a shimmering altar of Xom.
 10594 | D:9      | Found a shimmering altar of Xom.
 10642 | D:9      | Gained mutation: Spells you cast and wands you use may
                  | paralyse nearby enemies. [demonic ancestry]
 10642 | D:9      | Reached XP level 11. HP: 81/81 MP: 14/14
 10766 | D:9      | Reached skill level 5 in Hexes
 10852 | D:9      | Found a shimmering altar of Xom.
 10852 | D:9      | Found a shimmering altar of Xom.
 10852 | D:9      | Found a shimmering altar of Xom.
 10853 | D:9      | Found a shimmering altar of Xom.
 10855 | D:9      | Found a shimmering altar of Xom.
 10938 | D:10     | Entered Level 10 of the Dungeon
 11285 | D:10     | Found a burning altar of Makhleb.
 11506 | D:10     | Found a shimmering blue altar of Sif Muna.
 11735 | D:10     | Found a staircase to the Orcish Mines.
 11850 | D:10     | Found a shadowy altar of Dithmenos.
 12167 | D:10     | Reached skill level 5 in Armour
 12566 | D:11     | Noticed a boulder beetle
 12573 | D:11     | Killed a boulder beetle
 12703 | D:11     | Noticed a boulder beetle
 12708 | D:11     | Killed a boulder beetle
 12709 | D:11     | Reached skill level 10 in Stealth
 13042 | D:11     | Reached skill level 5 in Evocations
 13233 | D:11     | Noticed Erolcha
 13235 | D:11     | Killed Erolcha
 13463 | Lair:1   | Entered Level 1 of the Lair of Beasts
 13468 | Lair:1   | Noticed a boulder beetle
 13474 | Lair:1   | Killed a boulder beetle
 13644 | Lair:1   | Noticed Sonja
 13651 | Lair:1   | Killed Sonja
 13755 | Lair:1   | Reached skill level 11 in Stealth
 13806 | Lair:1   | Reached XP level 12. HP: 73/89 MP: 10/16
 15123 | Orc:1    | Entered Level 1 of the Orcish Mines
 15140 | Orc:1    | Found Xiuwoh's Antique Weapon Shoppe.
 15386 | Orc:1    | Upgraded the game from 0.30-a0-924-g0ad0bf95bc to
                  | 0.30-a0-930-gb9d0489357
 15418 | Orc:1    | Bought a masterwork morningstar for 333 gold pieces
 15418 | Orc:1    | Identified the +9 morningstar of the Crawling Thing
                  | {freeze, rElec Stlth+} (You bought it in a shop on level 1
                  | of the Orcish Mines)
 15971 | Orc:2    | Entered Level 2 of the Orcish Mines
 16024 | Orc:2    | Found a staircase to the Elven Halls.
 16163 | Orc:2    | Noticed an orc high priest
 16172 | Orc:2    | Noticed a two-headed ogre
 16174 | Orc:2    | Noticed a two-headed ogre
 16182 | Orc:2    | Killed from afar by a smoke demon

Illustrated notes

Levels and vault maps discovered:
D:1:      dpeg_arrival_shrine, layout_rooms, serial_shops, nicolae_square_shop
D:2:      layout_rooms, shapermc_ecumenical_altar_ellora, nrook_campfire
D:3:      layout_loops_cross, trog_three_pillars_becter,
          kennysheep_cluttered_room
D:4:      layout_gridville, zin_angel,
          mainiacjoe_overflow_concentric_impassable,
          minmay_temple_entry_sparse_star
D:5:      layout_loops_ring, serial_demonic, serial_demonic_c, serial_demonic_f,
          serial_demonic_g, serial_demonic_c
D:6:      layout_rooms, gammafunk_temple_overflow_arena, serial_shops,
          nicolae_take_the_stairs, shop
D:7:      layout_basic, st_stairs_7, hellmonk_no_cap, uniq_menkaure
D:8:      layout_basic, enter_bailey_5
D:9:      layout_basic, xom_shifter_show, erik_lair_orcish_takeover,
          nicolae_shop_fire_sale [nicolae_sub_dead_trees], minmay_quadrilaterals
D:10:     layout_long_grid, nicolae_dithmenos_through_a_glass_darkly,
          nicolae_overflow_squiral, erik_orc_2, minivault_24
D:11:     layout_loops_cross, uniq_erolcha
Temple:   dpeg_chambers_temple
Lair:1:   layout_loops_ring, uniq_sonja
Orc:1:    layout_caves, serial_shops, shop, nicolae_shop_clearance,
          uniq_nergalle
Orc:2:    st_orc_open, layout_diamond_mine, enter_volcano_2

Skill      XL: |  1  2  3  4  5  6  7  8  9 10 11 12 |
---------------+-------------------------------------+-----
Dodging        | 1 2 3 4 5 6 |  6.8
Stealth        | 4 5 6 7 9 11 | 11.4
Short Blades   | 2 3 4 5 6 7 |  7.6
Hexes          | 1 2 3 4 5 6 |  6.4
Throwing       | 2 |  2.5
Armour         | 1 2 3 4 5 |  5.8
Invocations    | 1 2 3 |  3.4
Fighting       | 3 4 5 6 |  6.7
Evocations     | 1 3 4 5 |  5.8
Spellcasting   | 1 2 3 |  3.6
Ice Magic      | |  0.3

Action                     |  1- 3 |  4- 6 |  7- 9 | 10-12 || total
---------------------------+-------+-------+-------+-------++-------
  Melee: Dagger            |   134 |   172 |   481 |   868 ||  1655
         Kick              |    27 |    24 |       |       ||    51
         Punch             |       |     4 |     8 |    18 ||    30
  Throw: Dart              |    10 |    11 |     9 |       ||    30
   Cast: Confusing Touch   |       |       |     9 |   105 ||   114
         Ensorcelled Hiber |       |       |       |    15 ||    15
         Blink             |       |       |       |     1 ||     1
  Evoke: Wand              |       |       |     5 |    20 ||    25
    Use: Scroll            |     3 |     6 |     4 |    14 ||    27
         Potion            |       |     5 |       |     1 ||     6
   Stab: Sleeping          |     1 |     9 |    14 |    19 ||    43
         Distracted        |       |       |     3 |     1 ||     4
         Paralysed         |       |       |    17 |   150 ||   167
         Confused          |       |       |     4 |    34 ||    38
 Armour: Robe              |    25 |    76 |   120 |   137 ||   358
  Dodge: Dodged            |    91 |   110 |   273 |   505 ||   979

Table legend: (Time is in decaauts)
 A = Elapsed time spent in this place.
 B = Non-inter-level travel time spent in this place.
 C = Inter-level travel time spent in this place.
 D = Time resting spent in this place.
 E = Time spent auto-exploring this place.
 F = Levels seen in this place.
 G = Mean time per level.
                   A        B        C        D        E       F      G
               +--------+--------+--------+--------+--------+-----+--------+
         Total |  15759 |  14859 |    900 |   1170 |  10502 |  16 |  984.9 |
       Dungeon |  12718 |  11937 |    781 |    869 |   8589 |  11 | 1156.2 |
        Temple |    317 |    245 |     72 |      0 |    232 |   1 |  317.0 |
          Lair |   1543 |   1514 |     29 |    155 |   1083 |   1 | 1543.0 |
  Orcish Mines |    768 |    751 |     17 |    125 |    383 |   2 |  384.0 |
        Bailey |    411 |    411 |      0 |     21 |    215 |   1 |  411.0 |
               +--------+--------+--------+--------+--------+-----+--------+

Top non-repeatable levels by time:
     D:9: 1865 daAuts
    D:10: 1798 daAuts
  Lair:1: 1543 daAuts
     D:7: 1489 daAuts
     D:8: 1387 daAuts
     D:5: 1150 daAuts
     D:4: 1086 daAuts
    D:11: 925 daAuts
     D:3: 913 daAuts
     D:6: 721 daAuts
     D:2: 701 daAuts
     D:1: 678 daAuts
   Orc:1: 575 daAuts
  Bailey: 411 daAuts
  Temple: 317 daAuts
